 Dungeon Crawl Stone Soup version 0.20.1-1-g8b1a95d (webtiles) character file.

585 letownia2 the Grave Robber (level 7, -11/57 HPs)
             Began as a Deep Dwarf Necromancer on Dec 18, 2017.
             Mangled by an ice beast (13 damage)
             ... on level 5 of the Dungeon.
             The game lasted 00:08:20 (2498 turns).

letownia2 the Grave Robber (Deep Dwarf Necromancer) Turns: 2498, Time: 00:08:21

Health: -11/57     AC:  6    Str: 14    XL:     7   Next: 14%
Magic:  3/12       EV: 11    Int: 19    God:
Gold:   91         SH:  0    Dex: 13    Spells: 9/13 levels left

rFire    + . .     SeeInvis .   a - +2 mace (crush)
rCold    . . .     Gourm    .   (no shield)
rNeg     + . .     Faith    .   g - +0 ring mail
rPois    .         Spirit   .   (no helmet)
rElec    .         Reflect  .   (no cloak)
rCorr    .         Harm     .   t - +0 pair of gloves of Noughts and Crosses {rF+ Str+2 Int+2} (curse)
MR       +....                  (no boots)
Stlth    +.........             (no amulet)
Regen    0.0/turn               p - ring of positive energy
MPRegen  0.2/turn               (no ring)

@: non-regenerating
A: damage resistance, heal wounds, sense surroundings 1, no regeneration
a: Heal Wounds


You were on level 5 of the Dungeon.
You were not hungry.

You visited 1 branch of the dungeon, and saw 5 of its levels.

You collected 91 gold pieces.

Inventory:

Hand Weapons
 a - a +2 mace of crushing (weapon)
 m - a +0 quarterstaff
 s - a +1 dagger of holy wrath
 x - a +0 war axe
 y - a cursed -1 war axe
Missiles
 e - 26 bolts
Armour
 g - a +0 ring mail (worn)
 n - a +0 robe
 t - the cursed +0 pair of gloves of Noughts and Crosses (worn) {rF+ Str+2 Int+2}
   (You found it on level 4 of the Dungeon)

   It affects your strength (+2).
   It affects your intelligence (+2).
   It protects you from fire.
   It has a curse placed upon it.
Jewellery
 p - a ring of positive energy (left hand)
 q - an uncursed ring of resist corrosion {unknown}
Wands
 o - a wand of polymorph (3/24)
 w - a wand of flame (25/48)
 B - a wand of polymorph (6/24)
Scrolls
 d - 5 scrolls of identify {unknown}
 h - a scroll of fear {unknown}
 i - a scroll of recharging {unknown}
 j - 2 scrolls of magic mapping {unknown}
 l - a scroll of remove curse {unknown}
 u - a scroll of teleportation {unknown}
 v - 2 scrolls of enchant armour {unknown}
Potions
 f - a potion of agility {unknown}
 k - 2 potions of curing {unknown}
 r - a potion of invisibility {unknown}
 A - a potion of brilliance {unknown}
 C - a potion of lignification {unknown}
Books
 b - a book of Necromancy

   Spells                             Type                      Level
   a - Pain                           Necromancy                   1
   b - Animate Skeleton               Necromancy                   1
   c - Vampiric Draining              Necromancy                   3
   d - Regeneration                   Charms/Necromancy            3
   e - Animate Dead                   Necromancy                   4
   f - Control Undead                 Necromancy                   4
Comestibles
 c - 2 bread rations
 z - 11 chunks of flesh
 D - 2 meat rations


   Skills:
 + Level 1.4 Fighting
 + Level 1.5 Armour
 - Level 2.1 Dodging
 - Level 2.4 Stealth
 + Level 3.8 Spellcasting
 + Level 7.6 Necromancy
 + Level 1.8 Evocations


You had 9 spell levels left.
You knew the following spells:

 Your Spells              Type           Power        Failure   Level  Hunger
a - Pain                  Necr           ####         1%          1    None
v - Vampiric Draining     Necr           ####......   3%          3    ###....


Dungeon Overview and Level Annotations

Branches:
Dungeon (5/15)
 Temple: D:4-7

Altars:

Annotations:
D:5 Pikel


Innate Abilities, Weirdness & Mutations

You are resistant to damage.
You can heal yourself by infusing magical energy.
You passively map a small area around you.
You do not regenerate.


Message History

The orc is heavily wounded.
The orc hits you with a flail.
* * * LOW HITPOINT WARNING * * *
The ice beast barely misses you.
Unknown command.
You sock the orc!
You kill the orc!
The ice beast closely misses you.
Unknown command.
You see here a flail.
The orc shouts!
An orc comes into view. It is wielding a club.
An orc comes into view.
The orc shouts!
An orc comes into view.
An orc warrior comes into view. It is wielding a glaive.
You barely miss the orc. The orc barely misses you.
The ice beast hits you but does no damage.
The orc barely misses you. The ice beast hits you. The ice beast freezes you!
You die...

* * ########### * ,
#.........#
#.#######.######.##..>
#.# #####.(.o.......#
##### #.#
#oY@oo####)#.##..
....# #.# #.###.# *
... * ....# #.# #.#
#.# ,,..... ....#
#.###.###.# .....#
....# #...)o....#
$###.# ....##
#####.##### .# .#
.....# #<.#.# .# #
.....# #.#.## ,
.....## #)### ,


You could see an orc warrior, an ice beast and 3 orcs.

Vanquished Creatures
  An ice beast (D:4)
  A centaur (D:5)
  A scorpion (D:4)
  A crimson imp (D:5)
  A bullfrog zombie (D:5)
  A centaur skeleton (D:4)
  2 hounds
  2 orc wizards
  2 worker ants (D:4)
  4 adders
  2 oozes (D:4)
  A dart slug (D:1)
  14 orcs
  5 giant cockroaches
  A hobgoblin (D:1)
  4 jackals
  3 kobolds
  4 quokkas
  A ball python (D:2)
  4 bats
  A goblin (D:1)
  2 quokka skeletons (D:4)
  A rat (D:2)
59 creatures vanquished.

Notes
Turn   | Place    | Note
-------+----------+-------------------------------------------
     0 | D:1      | letownia2 the Deep Dwarf Necromancer began the quest for the Orb.
     0 | D:1      | Reached XP level 1. HP: 15/15 MP: 3/3
   367 | D:2      | Reached XP level 2. HP: 19/22 MP: 3/5
   434 | D:2      | Found a faded altar of an unknown god.
   616 | D:2      | Reached skill level 5 in Necromancy
   745 | D:4      | HP: 1/22 [worker ant (3)]
   824 | D:4      | Reached XP level 3. HP: 1/28 MP: 1/6
   829 | D:4      | Learned a level 3 spell: Vampiric Draining
  1017 | D:4      | Noticed a scorpion
  1027 | D:4      | Reached skill level 6 in Necromancy
  1027 | D:4      | Reached XP level 4. HP: 14/36 MP: 3/7
  1033 | D:4      | Reached XP level 5. HP: 17/42 MP: 4/8
  1154 | D:4      | Noticed a phantom
  1317 | D:4      | Got a pair of bloodstained gloves
  1323 | D:4      | Identified the cursed +0 pair of gloves of Noughts and Crosses {rF+ Str+2 Int+2} (You found it on level 4 of the Dungeon)
  1823 | D:4      | Reached skill level 7 in Necromancy
  1864 | D:4      | Noticed Duvessa
  1866 | D:4      | Noticed Dowan
  1892 | D:4      | Noticed Duvessa
  1892 | D:4      | Duvessa changed into Duvessa the ice beast
  1897 | D:4      | Noticed Dowan
  1897 | D:4      | Dowan changed into Dowan the worker ant
  1906 | D:4      | Killed Duvessa the ice beast
  1906 | D:4      | Reached XP level 6. HP: 49/49 MP: 0/11
  1913 | D:4      | Killed Dowan the worker ant
  2102 | D:5      | Entered Level 5 of the Dungeon
  2102 | D:5      | Noticed Pikel
  2102 | D:5      | Noticed a slave
  2102 | D:5      | Noticed a slave
  2104 | D:5      | Noticed a slave
  2217 | D:5      | Reached skill level 1 in Evocations
  2305 | D:5      | Reached skill level 1 in Armour
  2425 | D:5      | Reached skill level 1 in Fighting
  2458 | D:5      | Reached XP level 7. HP: 35/57 MP: 2/12
  2490 | D:5      | HP: 2/57 [orc/flail (2)]
  2498 | D:5      | Mangled by an ice beast

Skill      XL: |  1  2  3  4  5  6 |
---------------+-------------------+-----
Spellcasting   | 2 3 |  3.8
Necromancy     | 5 6 7 |  7.6
Evocations     | 1 |  1.8
Armour         | 1 |  1.5
Fighting       | 1 |  1.4
Dodging        | |  2.1
Stealth        | |  2.4

Action                   |  1- 3 |  4- 6 |  7- 9 || total
-------------------------+-------+-------+-------++-------
Melee: Unarmed           |    10 |     9 |       ||    19
       Dagger            |     8 |       |       ||     8
       Mace              |       |    50 |    13 ||    63
 Cast: Pain              |    46 |    20 |       ||    66
       Vampiric Draining |     3 |    19 |     2 ||    24
Evoke: Wand              |     1 |     4 |       ||     5
 Stab: Confused          |       |     1 |       ||     1
       Sleeping          |       |     1 |       ||     1
  Eat: Chunk             |       |     8 |       ||     8
Armor: Ring mail         |    33 |    49 |    12 ||    94
       Skin              |       |    29 |       ||    29
Dodge: Dodged            |    71 |    81 |    11 ||   163
